 Dungeon Crawl Stone Soup version 0.29.1-2-gbd0b4ee654 (webtiles) character file.

Game seed: 14047528313911351767

426 GorkyZ the Trooper (level 6, -1/48 HPs)
             Began as a Demonspawn Fighter on Nov 22, 2022.
             Slain by Dowan
             ... wielding a +2 dagger of holy wrath
              (2 damage)
             ... on level 5 of the Dungeon.
             The game lasted 00:11:54 (4956 turns).

GorkyZ the Trooper (Demonspawn Fighter)             Turns: 4956, Time: 00:11:56

Health: -1/48      AC:  8    Str: 18    XL:     6   Next: 64%
Magic:  6/6        EV:  9    Int: 10    God:
Gold:   208        SH:  4    Dex: 12    Spells: 5/5 levels left

rFire   + . .      SeeInvis .   a - +1 war axe
rCold   + . .      Faith    .   c - +0 buckler
rNeg    . . .      Spirit   .   b - +0 scale mail
rPois   .          Reflect  .   (no helmet)
rElec   .          Harm     .   (no cloak)
rCorr   .          Rampage  .   (no gloves)
Will    .....                   l - +0 pair of boots
Stlth   ..........              (no amulet)
HPRegen 0.16/turn               j - ring of protection from fire
MPRegen 0.10/turn               (no ring)

@: no status effects
A: spiny 2, demonic magic 1, cold resistance 1
a: no special abilities


You were on level 5 of the Dungeon.
You visited 1 branch of the dungeon, and saw 5 of its levels.

You collected 208 gold pieces.

Inventory:

Hand Weapons
 a - a +1 war axe (weapon)
Missiles
 i - a throwing net
 q - 5 poisoned darts (quivered)
 x - 2 javelins
Armour
 b - a +0 scale mail (worn)
 c - a +0 buckler (worn)
 l - a +0 pair of boots (worn)
Jewellery
 j - a ring of protection from fire (left hand)
 t - an amulet of magic regeneration
Wands
 v - a wand of paralysis (11)
Scrolls
 g - a scroll of blinking
 h - a scroll of enchant weapon
 m - a scroll of amnesia
 n - a scroll of identify
 u - 2 scrolls of teleportation
Potions
 d - a potion of might
 e - 2 potions of invisibility
 f - a potion of haste {unknown}
 k - a potion of ambrosia
 o - a potion of heal wounds
 p - 4 potions of curing
 w - 2 potions of cancellation


   Skills:
 + Level 3.9 Fighting
 + Level 2.8 Axes
 + Level 2.1 Throwing
 + Level 3.5 Armour
 + Level 2.1 Dodging
 + Level 3.5 Shields
 + Level 2.3 Evocations


You had 5 spell levels left.
You didn't know any spells.
Your spell library contained the following spells:

 Spells                   Type           Power      Damage    Failure   Level
 Sandblast                Erth           0%         2d4       83%         1
 Ensorcelled Hibernation  Hex/Ice        0%         N/A       93%         2
 Passwall                 Tmut/Erth      0%         N/A       93%         2
 Stone Arrow              Conj/Erth      0%         3d7       99%         3
 Swiftness                Air            0%         N/A       99%         3


Dungeon Overview and Level Annotations

Branches:
Dungeon (5/15)
 Temple: D:4-7

Altars:

Shops:
D:1 *

Annotations:
D:5 Dowan


Innate Abilities, Weirdness & Mutations

You are mostly covered in sharp spines.
Spells you cast may paralyse adjacent enemies.
Your flesh is cold resistant. (rC+)


Message History

Press: ? - help, Q - select action, (/) - cycle Shift-Dir - straight line, f - Dowan, p - Duvessa
Aim: Dowan, wielding a +2 dagger of holy wrath and wearing a +0 robe (48% to hit)
You throw a poisoned dart. The poisoned dart hits Duvessa!
Duvessa looks as sick as possible!
Duvessa is lightly wounded.
Dowan gestures at Duvessa while chanting.
Duvessa seems to speed up.
Throw: 7 darts (poison)
Press: ? - help, Q - select action, (/) - cycle Shift-Dir - straight line, f/p - Dowan
Aim: Dowan, wielding a +2 dagger of holy wrath and wearing a +0 robe (48% to hit)
You throw a poisoned dart. The poisoned dart hits Duvessa!
Duvessa looks as sick as possible!
Duvessa is lightly wounded.
You block Duvessa's attack. x2
Throw: 6 darts (poison)
Press: ? - help, Q - select action, (/) - cycle Shift-Dir - straight line, f/p - Dowan
Aim: Dowan, wielding a +2 dagger of holy wrath and wearing a +0 robe (48% to hit)
You throw a poisoned dart. The poisoned dart hits Duvessa.
Duvessa is moderately wounded.
Duvessa is struck by your spines.
Duvessa hits you with a +6 rapier of electrocution.
You are electrocuted!
You hit Duvessa.
Duvessa is heavily wounded.
Duvessa hits you with a +6 rapier of electrocution! x2
* * * LOW HITPOINT WARNING * * *
Dowan is struck by your spines. Dowan barely misses you.
You closely miss Dowan.
Dowan is lightly wounded.
You closely miss Duvessa.
Duvessa hits you with a +6 rapier of electrocution.
* * * LOW HITPOINT WARNING * * *
You are electrocuted!
* * * LOW HITPOINT WARNING * * *
Duvessa is struck by your spines.
You kill Duvessa!
Dowan's eyes darken. "You have made a black mistake."
Dowan seems to find hidden reserves of power!
Dowan hits you with a +2 dagger of holy wrath.
You die...

#.... #(....... #....
$.........####....
.(................
#(................
#(........#######.
#(........######..
########)e.)........##..#
#.......@#.............#.
#.......##.......#..).##.
#............#.....#.....
#)......###.###..#.#.....
#.......##..# ##.#.......
#.......##.#####......##.
#........................
#.......##.####...##.#...
#.......##.# #.#....###.


You could see Dowan (fast).

Vanquished Creatures
  Duvessa (D:5)
  Blork the orc (D:4)
  A scorpion (D:5)
  2 orc priests
  4 orc wizards
  Terence (D:3)
  A gnoll (D:1)
  4 adders
  A white imp (D:5)
  2 worms
  2 dart slugs
  6 orcs
  4 endoplasms
  2 giant cockroaches
  6 hobgoblins
  2 jackals (D:4)
  2 quokkas
  6 ball pythons
  3 bats
  2 frilled lizards
  A goblin (D:2)
  10 kobolds
  6 rats
70 creatures vanquished.

Notes
Turn   | Place    | Note
-------+----------+-------------------------------------------
     0 | D:1      | GorkyZ the Demonspawn Fighter began the quest for the Orb.
     0 | D:1      | Reached XP level 1. HP: 18/18 MP: 1/1
   171 | D:1      | Found Koweomong's Assorted Antiques.
   298 | D:1      | Found a faded altar of an unknown god.
   497 | D:1      | Gained mutation: You are partially covered in sharp spines.
                  | [demonic ancestry]
   497 | D:1      | Reached XP level 2. HP: 22/24 MP: 2/2
  1223 | D:2      | Reached XP level 3. HP: 27/29 MP: 3/3
  1610 | D:2      | Reached skill level 1 in Evocations
  1972 | D:3      | Reached skill level 1 in Dodging
  1990 | D:3      | Reached skill level 1 in Throwing
  1990 | D:3      | Reached XP level 4. HP: 3/35 MP: 4/4
  2666 | D:3      | Gained mutation: Spells you cast may paralyse adjacent
                  | enemies. [demonic ancestry]
  2666 | D:3      | Reached XP level 5. HP: 30/41 MP: 5/5
  3033 | D:3      | Noticed Terence
  3038 | D:3      | Killed Terence
  3558 | D:4      | Gained mutation: You are agile. (Dex +4, Str/Int -1)
                  | [potion of mutation]
  3558 | D:4      | Lost mutation: You are agile. (Dex +4, Str/Int -1) [potion
                  | of mutation]
  3558 | D:4      | Gained mutation: You have a pair of small horns on your
                  | head. [potion of mutation]
  3559 | D:4      | Lost mutation: You have a pair of small horns on your head.
                  | [potion of mutation]
  3559 | D:4      | Gained mutation: You have hidden genetic potential. [potion
                  | of mutation]
  3559 | D:4      | Gained mutation: Potions are less effective at restoring
                  | your health. [potion of mutation]
  3559 | D:4      | Gained mutation: Your spells are a little harder to cast,
                  | but a little more powerful. [potion of mutation]
  3668 | D:4      | Noticed Blork the orc
  3677 | D:4      | Killed Blork the orc
  3678 | D:4      | Gained mutation: You are mostly covered in sharp spines.
                  | [demonic ancestry]
  3678 | D:4      | Reached XP level 6. HP: 22/48 MP: 6/6
  3990 | D:4      | Lost mutation: Potions are less effective at restoring your
                  | health. [potion of mutation]
  3990 | D:4      | Lost mutation: You have hidden genetic potential. [potion
                  | of mutation]
  3990 | D:4      | Lost mutation: Your spells are a little harder to cast, but
                  | a little more powerful. [potion of mutation]
  3990 | D:4      | Gained mutation: Your flesh is cold resistant. (rC+)
                  | [potion of mutation]
  3990 | D:4      | Gained mutation: You have hidden genetic potential. [potion
                  | of mutation]
  3990 | D:4      | Lost mutation: You have hidden genetic potential. [potion
                  | of mutation]
  4471 | D:5      | Entered Level 5 of the Dungeon
  4946 | D:5      | Noticed Duvessa
  4947 | D:5      | Noticed Dowan
  4956 | D:5      | HP: 1/48 [Duvessa/+6 rapier of electrocution (9)]
  4956 | D:5      | Killed Duvessa
  4956 | D:5      | Slain by Dowan

Illustrated notes

Levels and vault maps discovered:
D:1:      psy_arrival_basics, layout_basic, nicolae_ecumenical_lake_church,
          serial_shops, nicolae_shop_statue_plus
D:2:      layout_loops_ring
D:3:      layout_basic, uniq_terence
D:4:      layout_basic, minivault_19, uniq_blork_the_orc
D:5:      layout_rooms, mainiacjoe_overflow_surrounded_room, uniq_duvessa

Skill      XL: |  1  2  3  4  5  6 |
---------------+-------------------+-----
Axes           | 2 |  2.8
Shields        | 3 |  3.5
Evocations     | 1 2 |  2.3
Armour         | 3 |  3.5
Dodging        | 1 2 |  2.1
Throwing       | 1 2 |  2.1
Fighting       | |  3.9

Action                   |  1- 3 |  4- 6 || total
-------------------------+-------+-------++-------
Melee: War axe           |    82 |    89 ||   171
Throw: Dart              |       |    25 ||    25
  Use: Scroll            |       |    15 ||    15
       Potion            |       |     3 ||     3
Armor: Scale mail        |    36 |    27 ||    63
Dodge: Dodged            |    36 |    33 ||    69
Block: Buckler           |    12 |    26 ||    38
